 Dungeon Crawl Stone Soup version 0.32-a0-685-g93135e86f0 (webtiles) character file.

Game seed: 16048098353996714184

209397 adelrune the Marksgoblin (level 18, -6/128 HPs)
             Began as a Coglin Hunter on Mar 12, 2024.
             Was the Champion of Hepliaklqana.
             Mangled by a naga warrior
             ... wielding a +0 war axe
              (18 damage)
             ... on level 3 of the Snake Pit.
             The game lasted 01:24:20 (26641 turns).

adelrune the Marksgoblin (Coglin Hunter)           Turns: 26641, Time: 01:24:20

Health: -6/128     AC: 25    Str: 12    XL:     18   Next: 82%
Magic:  24/24      EV:  9    Int: 10    God:    Hepliaklqana [******]
Gold:   784        SH:  0    Dex: 24    Spells: 11/17 levels left

rFire   + . .        a - +3 sling (drain) {Rafael}
rCold   + . .        b - +0 hand cannon (freeze) {Zulima}
rNeg    + . .        W - +5 swamp dragon scales
rPois   +            U - +1 helmet of the Hidden Vale {rF+ rC+ rN+}
rElec   +            g - +2 cloak {Will+}
rCorr   .            M - +0 pair of gloves
SInv    .            e - +2 pair of boots
Will    ++...        (amulet unavailable)
Stlth   +++          (ring unavailable)
HPRegen 0.41/turn    (ring unavailable)
MPRegen 0.19/turn    z - actuated matrix {Rampage Acrobat rElec Slay+3}

%: acrobat, rampage
@: about to teleport, constricted, revved
A: reduced essence, off-hand wielding, slow wielding, warmup strikes, no
jewellery
}: 1/15 runes: decaying
a: Renounce Religion, Recall Ancestor, Ancestor Identity, Transference, Idealise


You were on level 3 of the Snake Pit.
You worshipped Hepliaklqana.
Hepliaklqana was exalted by your worship.
You visited 6 branches of the dungeon, and saw 30 of its levels.
You also visited: Gauntlet and Ice Cave.

You collected 2906 gold pieces.
You spent 2122 gold pieces at shops.

Inventory:

Hand Weapons
 a - a +3 sling of draining (weapon) {Rafael}
 b - a +0 hand cannon of freezing (offhand) {Zulima}
 d - a +0 sling {Wilhemina}
Missiles
 q - 9 curare-tipped darts
Armour
 c - a +0 leather armour
 e - a +2 pair of boots (worn)
 g - a +2 cloak of willpower (worn)
 r - the +5 ring mail "Qeangusch" {Fly Regen+}
   (You bought it in a shop on level 4 of the Dungeon)

   Fly:       It grants you flight.
   Regen+:    It increases your rate of health regeneration.
 C - a +2 chain mail of poison resistance
 J - the +2 cloak of Icitax {rF+}
   (You found it on level 10 of the Dungeon)

   rF+:       It protects you from fire.
 M - a +0 pair of gloves (worn)
 U - the +1 helmet of the Hidden Vale (worn) {rF+ rC+ rN+}
   (You bought it in a shop on level 14 of the Dungeon)

   rF+:       It protects you from fire.
   rC+:       It protects you from cold.
   rN+:       It protects you from negative energy.
 W - +5 swamp dragon scales (worn)
Gizmo
 z - an actuated matrix (installed) {Rampage Acrobat rElec Slay+3}
   (You invented it yourself on level 4 of the Lair of Beasts)

   [actuated matrix]

   Slay+3:    It affects your accuracy & damage with ranged weapons and melee
   (+3).
   rElec:     It insulates you from electricity.
   Rampage:   It bestows one free step when moving towards enemies.
   Acrobat:   It increases your evasion after moving or waiting.
Wands
 n - a wand of flame (46)
 v - a wand of digging (19)
 w - a wand of quicksilver (20)
 A - a wand of mindburst (4)
 B - a wand of iceblast (26)
 F - a wand of paralysis (33)
 G - a wand of polymorph (19)
Scrolls
 i - 6 scrolls of amnesia
 j - 6 scrolls of fear
 k - 8 scrolls of revelation
 m - 8 scrolls of noise
 p - 8 scrolls of teleportation
 y - 2 scrolls of enchant weapon
 E - 3 scrolls of summoning
 H - 5 scrolls of immolation
 I - 2 scrolls of vulnerability
 K - 2 scrolls of fog
 N - a scroll of blinking
 R - 5 scrolls of identify
 S - a scroll of silence
 T - a scroll of poison
Potions
 f - 14 potions of curing
 h - 4 potions of enlightenment
 l - 3 potions of mutation
 o - 8 potions of attraction
 s - 3 potions of brilliance
 t - 3 potions of ambrosia
 u - 4 potions of berserk rage
 x - a potion of lignification
 D - 9 potions of heal wounds
 L - 2 potions of haste
 O - a potion of magic
 P - a potion of cancellation
 Q - a potion of invisibility
 V - 2 potions of might


   Skills:
 - Level 13.2 Fighting
 - Level 18.0 Ranged Weapons
 - Level 9.9 Armour
 - Level 12.1 Dodging
 - Level 5.6 Stealth
 + Level 7.6 Translocations
 - Level 8.7 Invocations
 - Level 11.2 Evocations


You had 11 spell levels left.
You knew the following spells:

 Your Spells              Type           Power      Damage    Failure   Level
a - Blink                 Tloc           30%        N/A       4%          2
b - Dimensional Bullseye  Hex/Tloc       3%         N/A       83%         4

Your spell library contained the following spells:

 Spells                   Type           Power      Damage    Failure   Level
 Lesser Beckoning         Tloc           30%        N/A       4%          2
 Momentum Strike          Conj/Tloc      14%        3d8       24%         2
 Manifold Assault         Tloc           15%        N/A       32%         4
 Foxfire                  Conj/Fire      0%         2x1d4     58%         1
 Necrotise                Necr           0%         1d4       58%         1
 Sting                    Conj/Alch      0%         1d3       58%         1
 Mercury Vapours          Alch/Air       0%         N/A       73%         2
 Call Canine Familiar     Summ           0%         N/A       91%         3
 Hailstorm                Conj/Ice       0%         3d5       91%         3
 Sigil of Binding         Hex            0%         N/A       91%         3
 Summon Ice Beast         Ice/Summ       0%         N/A       91%         3
 Vampiric Draining        Necr           0%         2d6       91%         3
 Martyr's Knell           Necr/Summ      0%         N/A       100%        4
 Olgreb's Toxic Radiance  Alch           0%         N/A       100%        4
 Summon Blazeheart Golem  Fire/Summ      0%         N/A       100%        4
 Alistair's Intoxication  Alch           0%         N/A       100%        5
 Borgnjor's Vile Clutch   Necr/Erth      0%         N/A       100%        5
 Curse of Agony           Necr           0%         N/A       100%        5
 Eringya's Noxious Bog    Alch           0%         4d6       100%        6
 Permafrost Eruption      Ice/Erth       0%         2x4d2     100%        6
 Plasma Beam              Fire/Air       0%         2x1d10    100%        6
 Sculpt Simulacrum        Ice/Alch       0%         N/A       100%        6
 Starburst                Conj/Fire      0%         6d3       100%        6
 Haunt                    Necr/Summ      0%         N/A       100%        7
 Monstrous Menagerie      Summ           0%         N/A       100%        7
 Orb of Destruction       Conj           0%         9d5       100%        7
 Spellforged Servitor     Conj/Summ      0%         N/A       100%        7
 Borgnjor's Revivificati  Necr           0%         N/A       100%        8
 Death's Door             Necr           0%         N/A       100%        9


Dungeon Overview and Level Annotations

Branches:
Dungeon (15/15)            Temple (1/1) D:5            Lair (5/5) D:11
  Swamp (4/4) Lair:2        Snake (3/4) Lair:3        Slime (0/5) Lair:5
    Orc (2/2) D:10            Elf (0/3) Orc:2        Vaults (0/5) D:14
 Depths (0/4) D:15          IceCv (visited)         Gauntlet (visited)

Altars:
Ashenzari
Cheibriados
Dithmenos
Elyvilon
Fedhas
Gozag
Hepliaklqana
Kikubaaqudgha
Makhleb
Nemelex Xobeh
Okawaru
Qazlal
Ru
Sif Muna
Trog
Uskayaw
Vehumet
Wu Jian
Xom
Yredelemnul
Zin
The Shining One
Beogh

Shops:
D:4 *   D:10 =   D:11 [   D:14 [   Orc:1 ?   Orc:2 *[[!*   Snake:1 !:

Annotations:
D:5 2 transporters
D:10 1 runed translucent door


Innate Abilities, Weirdness & Mutations

Your life essence is reduced to manifest your ancestor. (-10% HP)
You can wield a second weapon in your off-hand.
It takes a long time for you to wield or remove held weapons.
Your first few attacks do less damage.
You cannot equip rings or amulets.


Message History

The naga warrior closely misses you. The salamander closely misses you. x2
The naga warrior hits you with a +0 battleaxe!
The naga warrior barely misses you.
The naga warrior hits you with a +0 war axe.
Imietett points at the naga and mumbles some strange words.
The bolt of magma hits the naga warrior!!
The bolt of magma hits the naga!!!
The naga dies!
As you read the scroll of teleportation, it crumbles to dust.
You feel strangely unstable. The naga warrior spits poison at you.
The splash of poison hits you but does no damage.
You are poisoned.
You resist.
The salamander hits you but does no damage.
The salamander hits you from afar with a +0 trident!
You are engulfed in flames.
You resist. The naga warrior spits poison at you.
The splash of poison hits you but does no damage.
You resist.
The guardian serpent coils itself and waves its upper body at you.
The bolt of poison hits the naga warrior!
The bolt of poison misses you.
The naga warrior hits you with a +0 war axe!!
* * * LOW HITPOINT WARNING * * *
Imietett hits the naga warrior with a +0 quarterstaff!!
You feel better. The naga hits you but does no damage.
The naga warrior spits poison at you. The splash of poison misses you.
The salamander hits you from afar with a +0 trident!!
* * * LOW HITPOINT WARNING * * *
You are engulfed in flames.
You resist.
* * * LOW HITPOINT WARNING * * *
The salamander barely misses you.
The naga warrior hits you with a +0 battleaxe!
* * * LOW HITPOINT WARNING * * *
The naga warrior grabs you. The naga warrior constricts you.
The naga warrior hits you with a +0 war axe!!
You die...
Hepliaklqana delivers you to your ancestors.

.#§§....#.. #....)....##
#.)........# ..#..
......##..........#
..#.........##.RS......#
..... .....###.N.§....#
.....#.....##..N.N...#
.....#...# #..NN)..#
....#...###†.N@.#.#
#...####...N####.#
###...........# ...
###.............# ..#
....####........# .##
.....# #.........# .
.....# #......†##.. ##
#....# #...>......##
#...## ..........##


You could see the friendly Imietett the battlemage, 4 naga warriors, 2
salamanders, a guardian serpent and a naga (strong).

Vanquished Creatures
  the Lernaean hydra (Swamp:4)
  Frances (Swamp:1)
  A thorn hunter (Swamp:1)
  A fenstrider witch (Swamp:1)
  An orc warlord (Orc:2)
  A bunyip (Swamp:4)
  3 eleionomae
  A minotaur (Gauntlet)
  Fannar (D:10)
  A salamander tyrant (Snake:2)
  A shambling mangrove (Swamp:3)
  8 hydras
  3 vault guards (D:14)
  8 alligators
  A rakshasa (D:10)
  4 anacondas
  4 catoblepae
  4 centaur warriors
  A ghost crab (Swamp:1)
  A boulder beetle (D:13)
  7 two-headed ogres
  5 death yaks
  A naga warrior (Snake:1)
  2 occultists (D:15)
  2 orc high priests
  6 naga sharpshooters
  5 goliath frogs
  4 spriggan druids
  Lodul (D:13)
  2 arcanists (D:14)
  8 bog bodies
  4 mana vipers
  4 swamp dragons
  3 naga ritualists
  An orc knight (D:15)
  A necromancer (D:15)
  10 ugly things
  2 will-o-the-wisps
  2 deep elf pyromancers
  3 orc sorcerers (Orc:2)
  4 elephants
  3 cyclopes
  2 centaur zombies (D:15)
  4 salamanders
  4 manticores
  2 naga magi (Snake:1)
  A guardian serpent (Snake:3)
  A kobold blastminer (Orc:1)
  16 black mambas
  2 ice statues
  A molten gargoyle (Gauntlet)
  9 cane toads
  A minotaur zombie (Gauntlet)
  9 komodo dragons
  2 rime drakes
  An efreet (D:14)
  A freezing wraith (Lair:3)
  3 trolls
  A red devil (Gauntlet)
  A queen bee (Lair:2)
  A bloated husk (Swamp:2)
  2 polar bears
  7 tyrant leeches
  Prince Ribbit (D:7)
  10 blink frogs
  5 hornets
  31 slime creatures
  Sigmund (D:3)
  2 shadows
  4 water elementals
  2 wyverns
  5 wraiths
  Eustachio (D:5)
  14 yaks
  3 basilisks
  2 wargs (Orc:2)
  15 swamp worms
  16 nagas
  14 water moccasins
  An acid dragon (D:9)
  A great orb of eyes simulacrum (IceCv)
  A sky beast (D:6)
  2 black bears
  5 ice beasts (Lair:3)
  13 orc warriors
  2 laughing skulls (D:13)
  6 swamp drakes
  5 ogres
  24 wolves
  A slime creature simulacrum (IceCv)
  3 centaurs
  A phantom (D:5)
  7 bullfrogs
  A gnoll sergeant (D:5)
  4 scorpions
  A cane toad simulacrum (Lair:3)
  23 killer bees
  3 howler monkeys
  3 electric eels
  A bombardier beetle (D:3)
  A crimson imp (Gauntlet)
  A bullfrog zombie (D:5)
  3 jellies
  23 orc priests
  2 hounds
  2 sleepcaps
  Natasha (D:2)
  A hell rat (Lair:2)
  6 iguanas
  28 orc wizards
  A polar bear simulacrum (Lair:3)
  A hound zombie (D:5)
  6 adders
  7 gnolls (D:6)
  A shadow imp (D:6)
  2 white imps
  A dart slug (D:4)
  5 ribbon worms
  44 orcs
  9 bats
  11 endoplasms
  5 giant cockroaches
  4 goblins
  10 hobgoblins
  5 jackals
  8 kobolds
  3 quokkas
  8 ball pythons
  A frilled lizard (D:2)
  7 rats
639 creatures vanquished.

Vanquished Creatures (collateral kills)
  A thorn hunter (Swamp:2)
  An eleionoma (Swamp:2)
  A bunyip (Swamp:2)
  Josephine (D:11)
  A rakshasa (D:15)
  6 hydras
  A vault guard (D:14)
  An ogre mage (Orc:1)
  2 alligators (Swamp:4)
  A two-headed ogre (D:9)
  A centaur warrior (D:14)
  An orc high priest (Orc:2)
  2 death yaks (Lair:5)
  2 naga warriors
  An occultist (D:15)
  The ghost of Eugor the Thaumaturge, a journeyman DECj of Vehumet (D:9)
  A naga sharpshooter (Snake:1)
  A shock serpent (Snake:2)
  A tengu warrior (D:14)
  2 skysharks
  2 goliath frogs
  3 spriggan druids
  2 salamander mystics (Snake:2)
  A mana viper (Snake:2)
  6 swamp dragons (Swamp:4)
  4 bog bodies
  A naga ritualist (Snake:2)
  3 orc sorcerers
  3 deep elf pyromancers
  2 cyclopes
  7 ugly things
  3 salamanders
  5 elephants
  A kobold blastminer (Orc:1)
  A smoke demon (Gauntlet)
  3 naga magi
  6 black mambas
  A gargoyle (D:12)
  6 cane toads
  Maggie (D:7)
  A komodo dragon (Lair:2)
  2 trolls
  3 tyrant leeches
  A polar bear (Lair:3)
  A hornet (Swamp:2)
  2 blink frogs (Lair:2)
  A centaur simulacrum (D:15)
  6 slime creatures
  2 wraiths (D:11)
  12 yaks
  2 spriggans
  A water elemental (D:11)
  3 basilisks
  2 wyverns (Lair:2)
  A vampire (D:9)
  A warg (Lair:3)
  3 death yak simulacra (Lair:3)
  A steam dragon (Lair:2)
  A vampire mosquito (D:14)
  3 nagas
  2 acid dragons
  A swamp worm (Swamp:2)
  7 water moccasins
  3 ice beasts
  5 swamp drakes
  A sky beast (D:7)
  6 orc warriors
  A black bear (D:8)
  6 ogres (D:13)
  12 wolves
  A kobold brigand (D:8)
  5 bullfrogs
  A glowing shapeshifter simulacrum (IceCv)
  13 killer bees
  4 howler monkeys (D:9)
  An electric eel (D:10)
  2 crimson imps (Gauntlet)
  3 orc priests
  6 orc wizards
  A boggart skeleton (D:15)
  6 orcs
226 creatures vanquished.

Vanquished Creatures (others)
  31 battlemagi
  8 foxfires (Swamp:4)
39 creatures vanquished.

Grand Total: 904 creatures vanquished

Notes
Turn   | Place    | Note
-------+----------+-------------------------------------------
     0 | D:1      | adelrune the Coglin Hunter began the quest for the Orb.
     0 | D:1      | Reached XP level 1. HP: 16/16 MP: 1/1
    16 | D:1      | Reached skill level 1 in Stealth
    67 | D:1      | Reached XP level 2. HP: 22/22 MP: 2/2
   500 | D:1      | Reached XP level 3. HP: 24/28 MP: 3/3
   711 | D:2      | Found a faded altar of an unknown god.
   733 | D:2      | Reached skill level 4 in Ranged Weapons
   941 | D:2      | Reached XP level 4. HP: 34/34 MP: 4/4
   948 | D:2      | Noticed Natasha
   952 | D:2      | Killed Natasha
  1187 | D:3      | Noticed Sigmund
  1195 | D:3      | Killed Sigmund
  1196 | D:3      | Reached XP level 5. HP: 33/42 MP: 5/5
  1196 | D:3      | Reached XP level 6. HP: 38/48 MP: 6/6
  1775 | D:4      | Found an ornate altar of the Wu Jian Council.
  1916 | D:4      | Reached skill level 5 in Ranged Weapons
  2052 | D:4      | Found a shadowy altar of Dithmenos.
  2137 | D:4      | Reached XP level 7. HP: 55/55 MP: 7/7
  2161 | D:4      | Found Xatheq's Assorted Antiques.
  2166 | D:4      | Bought an encrusted ring mail for 207 gold pieces
  2166 | D:4      | Identified the +5 ring mail "Qeangusch" {Fly Regen+} (You
                  | bought it in a shop on level 4 of the Dungeon)
  2508 | D:5      | Entered Level 5 of the Dungeon
  2544 | D:5      | Noticed Eustachio
  2684 | D:5      | Killed Eustachio
  2752 | D:5      | Found a transporter.
  2752 | D:5      | Found a white marble altar of Elyvilon.
  2764 | D:5      | Reached skill level 5 in Fighting
  2825 | D:5      | Found a transporter.
  3038 | D:5      | Identified the +0 mace of Accord {antimagic, Str-3 Int+3
                  | Dex+3 Stlth+}
  3057 | D:5      | Reached skill level 1 in Armour
  3085 | D:5      | Reached skill level 6 in Ranged Weapons
  3085 | D:5      | Reached XP level 8. HP: 62/62 MP: 8/8
  3117 | D:5      | Found a broken altar of Ashenzari.
  3166 | D:5      | Found a sacrificial altar of Ru.
  3194 | D:5      | Found a staircase to the Ecumenical Temple.
  3208 | Temple   | Entered the Ecumenical Temple
  3223 | Temple   | Became a worshipper of Hepliaklqana the Forgotten
  3447 | D:5      | Found a basalt altar of Yredelemnul.
  3646 | D:6      | Found a glowing silver altar of Zin.
  3744 | D:6      | Reached skill level 1 in Evocations
  3895 | D:6      | Reached skill level 7 in Ranged Weapons
  4155 | D:6      | Noticed a moth of wrath
  4158 | D:6      | Found a bloodstained altar of Trog.
  4271 | D:6      | Reached XP level 9. HP: 68/68 MP: 9/9
  4601 | D:7      | Reached * piety under Hepliaklqana
  4765 | D:7      | Reached skill level 8 in Ranged Weapons
  4818 | D:7      | Noticed Prince Ribbit
  4824 | D:7      | Killed Prince Ribbit
  4998 | D:7      | Noticed Maggie
  5005 | D:7      | Killed Maggie
  5006 | D:7      | Reached skill level 1 in Invocations
  5278 | D:7      | Reached ** piety under Hepliaklqana
  5279 | D:7      | Remembered your ancestor Imietett as a battlemage
  5527 | D:8      | Reached skill level 9 in Ranged Weapons
  5841 | D:8      | Noticed a two-headed ogre
  5848 | D:8      | Killed a two-headed ogre
  5849 | D:8      | Reached skill level 10 in Ranged Weapons
  5849 | D:8      | Reached XP level 10. HP: 66/66 MP: 10/12
  6439 | D:9      | Reached *** piety under Hepliaklqana
  6745 | D:9      | Found a runed translucent door.
  6752 | D:9      | Noticed Eugor's ghost (journeyman DECj)
  7028 | D:9      | Noticed a two-headed ogre
  7035 | D:9      | Killed Eugor's ghost
  7036 | D:9      | Reached skill level 11 in Ranged Weapons
  7039 | D:9      | Killed a two-headed ogre
  7040 | D:9      | Reached skill level 5 in Invocations
  7096 | D:10     | Entered Level 10 of the Dungeon
  7168 | D:10     | Found Opleaps's Jewellery Shop.
  7354 | D:10     | Reached XP level 11. HP: 68/71 MP: 13/15
  7495 | D:10     | Noticed Fannar
  7538 | D:10     | Killed Fannar
  7539 | D:10     | Reached skill level 12 in Ranged Weapons
  7605 | D:10     | Found a staircase to the Orcish Mines.
  7683 | D:10     | Identified the +2 cloak of Icitax {rF+}
  7803 | D:10     | Found a runed translucent door.
  7803 | D:10     | Noticed a rakshasa
  7811 | D:10     | Killed a rakshasa
  7815 | D:10     | Noticed a centaur warrior
  8172 | D:11     | Reached **** piety under Hepliaklqana
  8179 | D:11     | Noticed a two-headed ogre
  8369 | D:11     | Found Buityc's Armour Shoppe.
  8380 | D:11     | Bought a +1 pair of boots for 172 gold pieces
  8401 | D:11     | Noticed Josephine
  8409 | D:11     | Killed Josephine
  8510 | D:11     | Reached skill level 5 in Dodging
  8525 | D:11     | Found a staircase to the Lair.
  8602 | D:11     | Noticed a deep elf pyromancer
  8611 | D:11     | Killed a deep elf pyromancer
  8680 | D:11     | Noticed a purple ugly thing
  8834 | D:11     | Killed a purple ugly thing
  8899 | Lair:1   | Entered Level 1 of the Lair of Beasts
  8938 | Lair:1   | Identified the +0 robe of Uskayaw, Winnowing {Int+3
                  | Archmagi}
  8944 | Lair:1   | Reached XP level 12. HP: 79/79 MP: 17/17
  9177 | Lair:1   | Reached skill level 13 in Ranged Weapons
  9341 | Lair:1   | Noticed a skyshark
  9347 | Lair:1   | Killed a skyshark
  9506 | Lair:1   | Reached ***** piety under Hepliaklqana
  9986 | Lair:1   | Identified a scroll of acquirement
  9986 | Lair:1   | Acquired a +0 hand cannon of freezing
 10236 | Lair:2   | Found a gate leading to a gauntlet.
 10248 | Gauntlet | Entered a Gauntlet
 10248 | Gauntlet | Found a transporter.
 10258 | Gauntlet | Found a transporter.
 10269 | Gauntlet | Found a transporter.
 10272 | Gauntlet | Found a transporter.
 10279 | Gauntlet | Noticed a catoblepas
 10280 | Gauntlet | Found a transporter.
 10302 | Gauntlet | Found a transporter.
 10310 | Gauntlet | Noticed a green death
 10312 | Gauntlet | Found a transporter.
 10322 | Gauntlet | Found a transporter.
 10337 | Gauntlet | Found a runed translucent door.
 10337 | Gauntlet | Found a runed translucent door.
 10339 | Gauntlet | Noticed a four-headed hydra
 10341 | Gauntlet | Found a transporter.
 10355 | Gauntlet | Found a transporter.
 10356 | Gauntlet | Found a transporter.
 10404 | Gauntlet | Found a transporter.
 10418 | Gauntlet | Found a transporter.
 10431 | Gauntlet | Found a transporter.
 10660 | Gauntlet | Noticed a minotaur
 10671 | Gauntlet | Killed a minotaur
 10727 | Gauntlet | Reached skill level 14 in Ranged Weapons
 10870 | Lair:2   | Reached XP level 13. HP: 88/88 MP: 19/19
 10989 | Lair:2   | Found a staircase to the Swamp.
 11263 | Lair:2   | Identified the +0 scale mail of Beogh's Envy {Fly}
 11950 | Lair:3   | Found a frozen archway.
 11972 | IceCv    | Entered an ice cave
 11974 | IceCv    | Reached skill level 15 in Ranged Weapons
 12105 | IceCv    | Noticed a quicksilver ooze
 12381 | Lair:3   | Identified the +11 long sword of Propriety {spect, rC+
                  | SInv}
 12383 | Lair:3   | Identified the ring "Ceddofiw" {+Blink rF+ MP+9 Str+4
                  | Int-3}
 12389 | Lair:3   | Identified the +7 morningstar "Tucunt" {pain, *Corrode Fly
                  | rF- Str+6}
 12533 | Lair:3   | Found a staircase to the Snake Pit.
 12808 | Lair:4   | Identified the +0 dagger of Beogh's Esteem {flame, rElec
                  | rF++}
 13046 | Lair:4   | Found the +8 arc blade {discharge, rElec}
 13116 | Lair:4   | Reached XP level 14. HP: 97/97 MP: 20/20
 13116 | Lair:4   | Acquired an actuated matrix {Rampage Acrobat rElec Slay+3}
 13187 | Lair:4   | Found a broken altar of Ashenzari.
 13471 | Lair:4   | Reached ****** piety under Hepliaklqana
 13711 | Lair:5   | Entered Level 5 of the Lair of Beasts
 13766 | Lair:5   | Identified the +4 ring mail "Yngi" {-Tele rElec Int+5 SInv}
 13938 | Lair:5   | Found a staircase to the Slime Pits.
 14131 | Lair:5   | Reached skill level 10 in Fighting
 14131 | Lair:5   | Reached skill level 16 in Ranged Weapons
 14833 | Lair:5   | Identified the +4 arbalest of Sin {drain, rCorr}
 15267 | Orc:1    | Entered Level 1 of the Orcish Mines
 15307 | Orc:1    | Found a roughly hewn altar of Beogh.
 15357 | Orc:1    | Found Ynobol's Magic Scroll Shop.
 15366 | Orc:1    | Bought a scroll of fear for 52 gold pieces
 15366 | Orc:1    | Bought a scroll of teleportation for 39 gold pieces
 15366 | Orc:1    | Bought a scroll of summoning for 123 gold pieces
 15366 | Orc:1    | Bought a scroll of teleportation for 39 gold pieces
 15544 | Orc:1    | Paralysed by an orc sorcerer for 5 turns
 15596 | Orc:1    | Reached skill level 10 in Dodging
 15600 | Orc:1    | Reached XP level 15. HP: 105/105 MP: 21/21
 15682 | Orc:2    | Entered Level 2 of the Orcish Mines
 15682 | Orc:2    | Found a staircase to the Elven Halls.
 15684 | Orc:2    | Noticed an orc warlord
 15691 | Orc:2    | Killed an orc warlord
 15692 | Orc:2    | Reached skill level 5 in Evocations
 15697 | Orc:2    | Reached skill level 17 in Ranged Weapons
 15917 | Orc:2    | Found Gech's Armour Boutique.
 15918 | Orc:2    | Found Zygawk's Assorted Antiques.
 15921 | Orc:2    | Found Piehuxa's Armour Boutique.
 15921 | Orc:2    | Found Asa Boiz's Distillery.
 15978 | Orc:2    | Bought a +0 pair of gloves for 58 gold pieces
 15985 | Orc:2    | Bought a potion of cancellation for 112 gold pieces
 15985 | Orc:2    | Bought a potion of heal wounds for 70 gold pieces
 15985 | Orc:2    | Bought a potion of invisibility for 112 gold pieces
 16201 | Orc:2    | Found Renevvabb's CLEARANCE SALE!.
 16208 | Orc:2    | Bought a scroll of teleportation for 9 gold pieces
 16792 | D:12     | Reached skill level 5 in Armour
 17175 | D:12     | Identified the +3 quarterstaff of the Hurling King {freeze,
                  | Dex+3 Stlth+}
 17382 | D:12     | Got the Omnibus of the Jaunt and Adjuration
 17867 | D:13     | Noticed Lodul
 17879 | D:13     | Killed Lodul
 17944 | D:13     | Found an ancient bone altar of Kikubaaqudgha.
 18176 | D:13     | Identified the +6 triple sword "Bihas" {flame, Int+2 SInv}
 18224 | D:13     | Identified the +1 ring mail of Distant Worlds {Str+3
                  | Slay+2}
 18387 | D:14     | Found Ychum's Armour Shop.
 18406 | D:14     | Bought the +1 helmet of the Hidden Vale {rF+ rC+ rN+} for
                  | 451 gold pieces
 18712 | D:14     | Found a gate to the Vaults.
 19238 | D:15     | Entered Level 15 of the Dungeon
 19358 | D:15     | Found a staircase to the Depths.
 19363 | D:15     | Reached XP level 16. HP: 114/114 MP: 22/22
 19641 | D:14     | Reached skill level 18 in Ranged Weapons
 20240 | Orc:2    | Bought a +2 leather armour of poison resistance for 192
                  | gold pieces
 20449 | Swamp:1  | Entered Level 1 of the Swamp
 20491 | Swamp:1  | Noticed a fenstrider witch
 20496 | Swamp:1  | Killed a fenstrider witch
 20515 | Swamp:1  | Reached XP level 17. HP: 119/119 MP: 23/23
 20684 | Swamp:1  | Noticed Frances
 20691 | Swamp:1  | Killed Frances
 20728 | Swamp:1  | Identified the +1 trident of Makhleb's Castigation {venom,
                  | rElec Str+3}
 21957 | Swamp:3  | Identified the +5 spear "Asauh" {elec, rC+}
 21990 | Swamp:3  | Reached skill level 10 in Evocations
 22457 | Swamp:4  | Entered Level 4 of the Swamp
 22640 | Swamp:4  | Reached XP level 18. HP: 127/127 MP: 24/24
 22900 | Swamp:4  | Reached skill level 5 in Stealth
 23131 | Swamp:4  | Noticed the 27-headed Lernaean hydra
 23556 | Swamp:4  | Killed the 27-headed Lernaean hydra
 23607 | Swamp:4  | Got a decaying rune of Zot
 23981 | Orc:2    | Bought a scroll of enchant armour for 22 gold pieces
 24036 | Orc:1    | Bought a scroll of enchant armour for 97 gold pieces
 24036 | Orc:1    | Bought a scroll of enchant armour for 97 gold pieces
 24191 | Snake:1  | Entered Level 1 of the Snake Pit
 25054 | Snake:1  | Found Pemmoqi's Book Shop.
 25054 | Snake:1  | Found Miales's Distillery.
 25104 | Snake:1  | Learned a level 2 spell: Blink
 25109 | Snake:1  | Learned a level 4 spell: Dimensional Bullseye
 25112 | Snake:1  | Bought a potion of curing for 45 gold pieces
 25112 | Snake:1  | Bought a potion of curing for 45 gold pieces
 25112 | Snake:1  | Bought a potion of heal wounds for 75 gold pieces
 25112 | Snake:1  | Bought a potion of curing for 45 gold pieces
 25112 | Snake:1  | Bought a potion of might for 60 gold pieces
 25154 | Snake:1  | Reached skill level 1 in Translocations
 25786 | Snake:2  | Reached skill level 5 in Translocations
 26641 | Snake:3  | Mangled by a naga warrior

Illustrated notes

Levels and vault maps discovered:
D:1:      erik_arrival_blinker_ship, layout_loops_cross
D:2:      layout_rooms, shapermc_ecumenical_altar_mp_highgroup, uniq_natasha
D:3:      layout_loops_cross, minmay_misc_feat_iff, hangedman_decor_push,
          minmay_surrounded, uniq_sigmund
D:4:      layout_loops_cross, amcnicky_altar_gilded,
          grunt_dithmenos_smoke_and_mirrors, serial_shops, shop
D:5:      layout_gridville, lemuel_tele_altar, lemuel_zombie_altar_yredelemnul,
          nicolae_ru_the_path_less_chosen, elyvilon_altar_4,
          minmay_temple_entry_hall, grunt_decor_clamped, minmay_misc_feat_tower,
          uniq_eustachio
D:6:      layout_gridville, zin_academy, tgw_trog,
          hangedman_decor_clover_reticule
D:7:      layout_basic, uniq_prince_ribbit1, uniq_maggie
D:8:      black_bear_nest_2, layout_basic
D:9:      layout_irregular_city, ebering_ghost_reflecting_pool,
          kennysheep_generic_room_8
D:10:     layout_basic, orc_0_dummy, serial_shops, shop, minivault_13,
          uniq_fannar
D:11:     layout_stronghold, hellmonk_lair_entry_icy, serial_shops, shop,
          grunt_ministairs_14, nicolae_underground_beach, uniq_josephine
D:12:     layout_loops_ring
D:13:     layout_irregular_city, nicolae_kikubaaqudgha_miasma_corner, uniq_lodul
D:14:     layout_basic, lightli_vaults_fourway_checkpoint, serial_curves,
          eino_curves_01, eino_curves_03, serial_shops, shop,
          hangedman_glass_teeth
D:15:     grunt_enter_depths_magical_seal, layout_cave_pools,
          kennysheep_flooded_box, eino_tiny_chamber
Temple:   nicolae_temple_great_sept
Lair:1:   layout_regular_city
Lair:2:   regret_index_tunnel_blossom, layout_long_grid,
          mainiacjoe_swamp_entry_lozenge_pond, gauntlet_entry_generic,
          amcnicky_mini_pool_medium
Lair:3:   beast_lair_carwin_large_1, layout_regular_city,
          nicolae_snake_entry_squirm, portal_ice_cave_entry_ice_simulacra,
          ice2_lemuel
Lair:4:   layout_cave_pods, basic_altar, wad_woods_river_02,
          serial_bayou_pond_e, grunt_megastairs_5
Lair:5:   evilmike_catoblepas_cave, layout_cellular_growth,
          dpeg_slime_entry_corner, st_stairs_11, hibernation_bobbens,
          lemuel_fruit_tree
Swamp:1:  layout_basic_swamp, evilmike_swamp_ruin_house_2, uniq_frances
Swamp:2:  layout_basic_swamp, nicolae_swamp_stair_fork, swamp_pool_5
Swamp:3:  layout_falls_marsh, evilmike_swamp_ruin_house_3,
          nicolae_swamp_tree_isthmus
Swamp:4:  grunt_swamp_rune_castle, layout_basic_swamp
Snake:1:  layout_layer_cave, nicolae_snake_gridmaze_entwining,
          grunt_megastairs_4, minmay_shoptagon
Snake:2:  layout_basic, serial_curves, eino_curves_02, eino_curves_01,
          eino_curves_04, eino_curves_03
Snake:3:  layout_chambers, st_stairs_8, serial_bayou_shore_b, minmay_shop_star,
          uniq_roxanne
Orc:1:    layout_diamond_mine, basic_altar, serial_shops, nicolae_shop_peninsula
Orc:2:    st_orc_mages, layout_caves, nicolae_shop_clearance

Skill      XL: |  1  2  3  4  5  6  7  8  9 10 11 12 13 14 15 16 17 18 |
---------------+-------------------------------------------------------+-----
Stealth        | 1 2 4 5 |  5.6
Dodging        | 2 3 4 5 7 8 10 11 12 | 12.1
Ranged Weapons | 4 5 6 7 10 11 12 14 15 16 17 18 | 18.0
Fighting       | 3 4 5 6 7 9 10 11 12 13 | 13.2
Armour         | 1 3 4 6 8 9 |  9.9
Evocations     | 3 4 7 8 10 11 | 11.2
Invocations    | 3 5 7 8 |  8.7
Translocations | 7 |  7.6

Action                     |  1- 3 |  4- 6 |  7- 9 | 10-12 | 13-15 | 16-18 || total
---------------------------+-------+-------+-------+-------+-------+-------++-------
   Fire: Sling             |   136 |   194 |   630 |   865 |   746 |   593 ||  3164
         Hand cannon       |       |       |       |    97 |   746 |   593 ||  1436
 Invoke: Ancestor Life: Ba |       |       |     1 |       |       |       ||     1
         Recall Ancestor   |       |       |       |     1 |     3 |       ||     4
         Idealise          |       |       |       |       |     5 |     7 ||    12
Ability: Invent Gizmo      |       |       |       |       |     1 |       ||     1
  Evoke: Wand              |       |       |     5 |     9 |     6 |       ||    20
    Use: Potion            |       |       |     1 |       |       |     3 ||     4
         Scroll            |       |       |       |    23 |     4 |    11 ||    38
 Armour: Leather armour    |     6 |    15 |       |       |       |     9 ||    30
         Ring mail         |       |       |   107 |   175 |    70 |    31 ||   383
         Swamp dragon scal |       |       |       |       |       |    90 ||    90
  Dodge: Dodged            |    10 |    14 |    84 |   118 |   107 |   151 ||   484

Table legend: (Time is in decaauts)
 A = Elapsed time spent in this place.
 B = Non-inter-level travel time spent in this place.
 C = Inter-level travel time spent in this place.
 D = Time resting spent in this place.
 E = Time spent auto-exploring this place.
 F = Levels seen in this place.
 G = Mean time per level.
                   A        B        C        D        E       F      G
               +--------+--------+--------+--------+--------+-----+--------+
         Total |  26990 |  24983 |   2007 |   3034 |  15250 |  32 |  843.4 |
       Dungeon |  13019 |  12126 |    893 |   1102 |   8407 |  15 |  867.9 |
        Temple |     25 |     16 |      9 |      0 |      0 |   1 |   25.0 |
          Lair |   5871 |   5371 |    500 |    484 |   3193 |   5 | 1174.2 |
         Swamp |   3581 |   3346 |    235 |    871 |   1211 |   4 |  895.2 |
     Snake Pit |   2439 |   2365 |     74 |    320 |   1668 |   3 |  813.0 |
  Orcish Mines |   1381 |   1087 |    294 |     73 |    608 |   2 |  690.5 |
      Ice Cave |    147 |    147 |      0 |     65 |      0 |   1 |  147.0 |
      Gauntlet |    523 |    523 |      0 |    118 |    163 |   1 |  523.0 |
               +--------+--------+--------+--------+--------+-----+--------+

Top non-repeatable levels by time:
  Lair:2: 1323 daAuts
    D:10: 1262 daAuts
    D:11: 1245 daAuts
  Lair:5: 1234 daAuts
  Lair:1: 1231 daAuts
  Lair:4: 1180 daAuts
 Snake:2: 1163 daAuts
 Snake:1: 1162 daAuts
    D:14: 1114 daAuts
 Swamp:3: 1078 daAuts
     D:5: 1018 daAuts
     D:6: 955 daAuts
     D:8: 949 daAuts
 Swamp:4: 943 daAuts
    D:13: 916 daAuts
